 Dungeon Crawl Stone Soup version 0.23.1 (webtiles) character file.

Game seed: 324333278769911367

5 Borgoz the Sneak (level 1, -1/14 HPs)
             Began as a Ghoul Enchanter on Mar 5, 2019.
             Slain by a hobgoblin
             ... wielding a +0 club
              (3 damage)
             ... on level 1 of the Dungeon.
             The game lasted 00:00:35 (75 turns).

Borgoz the Sneak (Ghoul Enchanter)                    Turns: 75, Time: 00:00:36

Health: -1/14      AC:  2    Str: 11    XL:     1   Next: 80%
Magic:  1/2        EV: 12    Int: 10    God:
Gold:   0          SH:  0    Dex:  9    Spells: 2/3 levels left

rFire    . . .     SeeInvis .   a - +1 dagger
rCold    + . .     Gourm    .   (no shield)
rNeg     + + +     Faith    .   b - +0 robe
rPois    ∞         Spirit   .   (no helmet)
rElec    .         Reflect  .   (no cloak)
rCorr    .         Harm     .   (no gloves)
MR       .....                  (no boots)
Stlth    ++........             (no amulet)
HPRegen  0.00/turn              (no ring)
MPRegen  0.08/turn              (no ring)

@: rotting
A: rotting body, claws 1, carnivore, cold resistance 1, negative energy
resistance 3, inhibited regeneration, torment resistance, unbreathing
a: no special abilities


You were on level 1 of the Dungeon.
You were not hungry.

You visited 1 branch of the dungeon, and saw 1 of its levels.

Inventory:

Hand Weapons
 a - a +1 dagger (weapon)
Armour
 b - a +0 robe (worn)
Scrolls
 e - a scroll of identify {unknown}
Comestibles
 c - a chunk of flesh
 d - a ration


   Skills:
 * Level 0.3 Fighting
 * Level 1.0 Short Blades
 * Level 0.1 Armour
 * Level 1.8 Dodging
 + Level 3.4 Stealth
 + Level 1.7 Spellcasting
 + Level 2.4 Hexes


You had 2 spell levels left.
You knew the following spells:

 Your Spells              Type           Power        Failure   Level  Hunger
a - Corona                Hex            #......      12%         1    ##.....

Your spell library contained the following spells:

 Spells                   Type           Power        Failure   Level  Hunger
 Ensorcelled Hibernation  Hex/Ice        #.....       30%         2    ###....
 Confuse                  Hex            #.......     34%         3    ####...
 Tukima's Dance           Hex            #.......     34%         3    ####...
 Dazzling Spray           Conj/Hex       #.....       52%         3    ####...


Dungeon Overview and Level Annotations

Branches:
Dungeon (1/15)

Altars:


Innate Abilities, Weirdness & Mutations

Your body is rotting away.
You thrive on raw meat.
You are immune to poison.
You have sharp fingernails.
You are carnivorous and can eat meat at any time.
Your flesh is cold resistant. (rC+)
You are immune to negative energy. (rN+++)
You do not regenerate when monsters are visible.
You are immune to unholy pain and torment.
You can survive without breathing.


Message History

Aim: a hobgoblin, wielding a +0 club (chance to defeat MR: 56%)
The hobgoblin is outlined in light.
The bat hits you but does no damage. The hobgoblin misses you.
You hit the hobgoblin but do no damage. The bat hits you.
* * * LOW HITPOINT WARNING * * *
Eat one of 2 chunks of flesh? (ye/n/q)
You eat one of the 2 chunks of flesh.
This raw flesh tastes great!
The bat completely misses you. The bat hits you but does no damage.
The hobgoblin closely misses you.
You hit the hobgoblin.
The hobgoblin is moderately wounded.
The bat barely misses you. The hobgoblin barely misses you.
You hit the hobgoblin.
The hobgoblin is almost dead.
The bat hits you but does no damage. The hobgoblin hits you with a +0 club.
* * * LOW HITPOINT WARNING * * *
You barely miss the hobgoblin.
The hobgoblin is severely wounded.
The bat barely misses you. The hobgoblin hits you with a +0 club.
You die...

≈≈≈≈..... ≈≈≈....#
#####≈≈....#
≈≈≈≈≈≈≈≈≈##...##≈≈..>####
≈≈≈≈≈≈≈≈≈#.....#≈≈≈......
≈≈≈≈≈≈≈≈≈#.....#≈≈≈...#
≈≈≈≈≈≈≈≈≈#.....#≈≈.g..#
≈≈≈≈≈≈≈≈≈##...##≈b....###
≈≈≈≈≈≈≈≈≈≈##'##.@g.......
≈≈≈≈≈≈≈≈≈≈...........####
##≈≈≈≈≈≈≈............#
.##≈≈≈≈≈≈.....÷......#
..#..≈≈≈.......≈≈....#
..'.........≈≈≈≈≈....#
..#..[.....≈≈≈≈≈≈≈...#
.##÷......≈≈≈≈≈≈≈≈≈...
##≈≈≈≈....≈≈≈≈≈≈≈≈≈..#


You could see a gnoll, a hobgoblin and a bat.

Vanquished Creatures
  A dart slug (D:1)
  A giant cockroach (D:1)
  A bat (D:1)
  A frilled lizard (D:1)
4 creatures vanquished.

Notes
Turn   | Place    | Note
-------+----------+-------------------------------------------
     0 | D:1      | Borgoz the Ghoul Enchanter began the quest for the Orb.
     0 | D:1      | Reached XP level 1. HP: 14/14 MP: 2/2
    37 | D:1      | Reached skill level 1 in Short Blades
    75 | D:1      | Slain by a hobgoblin

Skill      XL: |  1 |
---------------+----+-----
Short Blades   | 1 |  1.0
Fighting       | |  0.3
Armour         | |  0.1
Dodging        | |  1.8
Stealth        | |  3.4
Spellcasting   | |  1.7
Hexes          | |  2.4

Action                   || total
-------------------------++-------
Melee: Dagger            ||    24
 Cast: Corona            ||     1
  Eat: Chunk             ||     2
Armor: Robe              ||     8
Dodge: Dodged            ||    23
